 Dungeon Crawl Stone Soup version 0.22.0-49-gab54619674 (webtiles) character file.

189 JedernureinKreuz the Conjurer (level 5, -1/37 HPs)
             Began as a Gnoll Conjurer on Sept 8, 2018.
             Slain by Edmund
             ... wielding a +0 flail of venom
              (8 damage)
             ... on level 3 of the Dungeon.
             The game lasted 00:10:28 (2281 turns).

JedernureinKreuz the Conjurer (Gnoll Conjurer)      Turns: 2281, Time: 00:10:29

Health: -1/37      AC:  7    Str: 11    XL:     5   Next: 68%
Magic:  10/12      EV: 14    Int: 18    God:
Gold:   118        SH:  0    Dex: 15    Spells: 13/14 levels left

rFire    + . .     SeeInvis +   q - +0 dagger
rCold    x . .     Gourm    .   (no shield)
rNeg     . . .     Faith    .   r - +0 leather armour
rPois    .         Spirit   .   j - +2 hat
rElec    .         Reflect  .   (no cloak)
rCorr    .         Harm     .   (no gloves)
MR       .....                  d - +1 pair of boots
Stlth    +++.......             (no amulet)
HPRegen  0.12/turn              w - ring of see invisible
MPRegen  0.13/turn              n - ring of fire

@: lethally poisoned (-1 -> -9)
A: distributed training, fangs 1, strong nose
a: no special abilities


You were on level 3 of the Dungeon.
You were very hungry.

You visited 1 branch of the dungeon, and saw 4 of its levels.

You collected 118 gold pieces.

Inventory:

Hand Weapons
 h - a +0 club
 o - a +0 club
 p - a +0 hunting sling
 q - a +0 dagger (weapon)
 s - a +0 mace
 v - a +0 spear
Missiles
 b - 37 arrows
 e - 112 stones (quivered)
Armour
 a - a +0 robe
 d - a +1 pair of boots (worn)
 j - a +2 hat (worn)
 r - a +0 leather armour (worn)
 x - a +0 plate armour
Jewellery
 n - a ring of fire (right hand)
 w - a ring of see invisible (left hand)
 C - a cursed -4 ring of dexterity {unknown}
Scrolls
 f - 2 scrolls of enchant weapon {unknown}
 k - 2 scrolls of remove curse {unknown}
 l - 2 scrolls of fog {unknown}
 m - 3 scrolls of teleportation {unknown}
 u - 3 scrolls of immolation {unknown}
 y - a scroll of amnesia {unknown}
Potions
 g - a potion of haste {unknown}
 i - a potion of berserk rage {unknown}
 t - a potion of mutation {unknown}
 z - a potion of magic {unknown}
 A - a potion of curing {unknown}
 B - a potion of cancellation {unknown}
Comestibles
 c - 11 rations


   Skills:
 + Level 1.5 Fighting
 + Level 1.5 Short Blades
 + Level 1.5 Long Blades
 + Level 1.5 Axes
 + Level 1.5 Maces & Flails
 + Level 1.5 Polearms
 + Level 1.5 Staves
 + Level 1.5 Slings
 + Level 1.5 Bows
 + Level 1.5 Crossbows
 + Level 1.5 Throwing
 + Level 1.5 Armour
 + Level 4.8 Dodging
 + Level 4.4 Stealth
 + Level 1.5 Shields
 + Level 1.5 Unarmed Combat
 + Level 5.2 Spellcasting
 + Level 7.2 Conjurations
 + Level 1.2 Hexes
 + Level 1.2 Charms
 + Level 1.2 Summonings
 + Level 1.2 Necromancy
 + Level 1.2 Translocations
 + Level 1.2 Transmutations
 + Level 1.2 Fire Magic
 + Level 1.2 Ice Magic
 + Level 1.2 Air Magic
 + Level 1.2 Earth Magic
 + Level 1.2 Poison Magic
 + Level 1.7 Invocations
 + Level 1.5 Evocations


You had 13 spell levels left.
You knew the following spells:

 Your Spells              Type           Power        Failure   Level  Hunger
a - Magic Dart            Conj           ####         1%          1    None

Your spell library contained the following spells:

 Spells                   Type           Power        Failure   Level  Hunger
 Searing Ray              Conj           ####..       1%          2    #......
 Dazzling Spray           Conj/Hex       ###...       9%          3    ##.....
 Iskenderun's Mystic Bla  Conj           ####....     9%          4    ####...
 Force Lance              Conj/Tloc      ###.....     30%         4    ####...
 Fulminant Prism          Conj/Hex       ###.......   30%         4    ####...


Dungeon Overview and Level Annotations

Branches:
Dungeon (4/15)
 Temple: D:4-7

Altars:

Annotations:
D:3 Edmund


Innate Abilities, Weirdness & Mutations

Your experience applies equally to all skills.
You have very sharp teeth.
Your uncanny sense of smell can sniff out nearby items.


Message History

You feel sick.
You feel sick.
You feel sick.
You feel sick.
You feel sick.
There is a stone staircase leading up here.
Edmund barely misses you.
You climb upwards.
You are feeling very hungry.
You feel sick.
There is a stone staircase leading down here.
You barely miss Edmund.
Edmund is lightly wounded.
Edmund hits you with a flail of venom.
* * * LOW HITPOINT WARNING * * *
You are lethally poisoned!
You hit Edmund. You bite Edmund, but do no damage.
Edmund is lightly wounded.
Edmund hits you with a flail of venom!
You die...

#.##########.# ####............
##.##......##.####..........###..
.................................
....>......##.##........######...
##.#......<##...........# ##...
#..##......#####........# ##....
#.###..........#........####.....
#.# #...........)................
#.# #......#####@.............#..
#.# #......# ##@.......####.....
#.# #......# #.........###......
#.# ######.# #.........##...#..#
#.# #.####..............#... #.#
#...##..######..#...#.## ..#
###.....# #...##...#.## .######
####..# #.##....##.# .##...#
#.....# ##.#..##....##


You could see Edmund.

Vanquished Creatures
  An ogre (D:2)
  An adder (D:2)
  A worm (D:3)
  4 dart slugs
  2 leopard geckos
  An orc (D:3)
  7 bats
  4 giant cockroaches (D:1)
  4 goblins
  9 hobgoblins
  20 jackals
  2 ball pythons
  3 frilled lizards
  6 kobolds
  5 rats
70 creatures vanquished.

Notes
Turn   | Place    | Note
-------+----------+-------------------------------------------
     0 | D:1      | JedernureinKreuz the Gnoll Conjurer began the quest for the
                  | Orb.
     0 | D:1      | Reached XP level 1. HP: 13/13 MP: 6/6
   102 | D:1      | Reached XP level 2. HP: 19/19 MP: 5/7
   516 | D:1      | Reached XP level 3. HP: 25/25 MP: 3/9
   534 | D:1      | Reached skill level 5 in Spellcasting
   905 | D:2      | Noticed an ogre
   912 | D:2      | Killed an ogre
   912 | D:2      | Reached skill level 1 in Fighting
   912 | D:2      | Reached skill level 1 in Short Blades
   912 | D:2      | Reached skill level 1 in Long Blades
   912 | D:2      | Reached skill level 1 in Axes
   912 | D:2      | Reached skill level 1 in Maces & Flails
   912 | D:2      | Reached skill level 1 in Polearms
   912 | D:2      | Reached skill level 1 in Staves
   912 | D:2      | Reached skill level 1 in Slings
   912 | D:2      | Reached skill level 1 in Bows
   912 | D:2      | Reached skill level 1 in Crossbows
   912 | D:2      | Reached skill level 1 in Throwing
   912 | D:2      | Reached skill level 1 in Armour
   912 | D:2      | Reached skill level 1 in Shields
   912 | D:2      | Reached skill level 1 in Unarmed Combat
   912 | D:2      | Reached skill level 1 in Hexes
   912 | D:2      | Reached skill level 1 in Charms
   912 | D:2      | Reached skill level 1 in Summonings
   912 | D:2      | Reached skill level 1 in Necromancy
   912 | D:2      | Reached skill level 1 in Translocations
   912 | D:2      | Reached skill level 1 in Transmutations
   912 | D:2      | Reached skill level 1 in Fire Magic
   912 | D:2      | Reached skill level 1 in Ice Magic
   912 | D:2      | Reached skill level 1 in Air Magic
   912 | D:2      | Reached skill level 1 in Earth Magic
   912 | D:2      | Reached skill level 1 in Poison Magic
   912 | D:2      | Reached skill level 1 in Invocations
   912 | D:2      | Reached skill level 1 in Evocations
   912 | D:2      | Reached XP level 4. HP: 32/32 MP: 2/11
   912 | D:2      | Reached XP level 5. HP: 37/37 MP: 2/12
  2243 | D:4      | Noticed Edmund
  2281 | D:3      | Slain by Edmund

Skill      XL: |  1  2  3 |
---------------+----------+-----
Spellcasting   | 5 |  5.2
Fighting       | 1 |  1.5
Short Blades   | 1 |  1.5
Long Blades    | 1 |  1.5
Axes           | 1 |  1.5
Maces & Flails | 1 |  1.5
Polearms       | 1 |  1.5
Staves         | 1 |  1.5
Slings         | 1 |  1.5
Bows           | 1 |  1.5
Crossbows      | 1 |  1.5
Throwing       | 1 |  1.5
Armour         | 1 |  1.5
Shields        | 1 |  1.5
Unarmed Combat | 1 |  1.5
Hexes          | 1 |  1.2
Charms         | 1 |  1.2
Summonings     | 1 |  1.2
Necromancy     | 1 |  1.2
Translocations | 1 |  1.2
Transmutations | 1 |  1.2
Fire Magic     | 1 |  1.2
Ice Magic      | 1 |  1.2
Air Magic      | 1 |  1.2
Earth Magic    | 1 |  1.2
Poison Magic   | 1 |  1.2
Invocations    | 1 |  1.7
Evocations     | 1 |  1.5
Dodging        | |  4.8
Stealth        | |  4.4
Conjurations   | |  7.2

Action                   |  1- 3 |  4- 6 || total
-------------------------+-------+-------++-------
Melee: Unarmed           |     2 |       ||     2
       Club              |     2 |       ||     2
       Dagger            |       |    34 ||    34
       Bite              |       |     5 ||     5
 Cast: Magic Dart        |    60 |    86 ||   146
 Stab: Sleeping          |       |     2 ||     2
  Eat: Chunk             |       |     3 ||     3
Armor: Robe              |     3 |     1 ||     4
       Leather armour    |       |    27 ||    27
Dodge: Dodged            |     7 |    45 ||    52
